 Dungeon Crawl Stone Soup version 0.32-a0-932-g546787307d (webtiles) character file.

Game seed: 3405776545512164245

2205879 EnegeticOcto the Wild Goblin (level 26, 218/218 HPs)
             Began as a Coglin Berserker on Apr 14, 2024.
             Was a High Priest of Trog.
             Escaped with the Orb
             ... and 4 runes!
             The game lasted 01:46:27 (73793 turns).

EnegeticOcto the Wild Goblin (Coglin Berserker)    Turns: 73793, Time: 01:46:27

Health: 218/218    AC: 32    Str: 20    XL:     26   Next: 92%
Magic:  33/33      EV: 19    Int: 10    God:    Trog [*****.]
Gold:   2382       SH:  0    Dex: 24    Spells: 25/25 levels left

rFire   + + .        a - +18 lance "Wyrmbane" {slay drac, rPois rF+ rC+ AC+3}
rCold   + . .        E - +8 broad axe (heavy) {Hana}
rNeg    . . .        T - +1 storm dragon scales
rPois   +            (helmet restricted)
rElec   +            U - +1 cloak {Will+}
rCorr   .            p - +1 pair of gloves
SInv    .            r - +2 pair of boots {rampage}
Will    ++...        (amulet unavailable) Stlth
                     (ring unavailable)
HPRegen 0.56/turn    (ring unavailable)
MPRegen 0.23/turn    L - geoactuated dynamo {AutoDazzle, rF+ Slay+3}

%: rampage
@: no status effects
A: off-hand wielding, slow wielding, warmup strikes, no jewellery, horns 1,
agile 1, clever 1, low MP 1
0: Orb of Zot
}: 4/15 runes: barnacled, silver, abyssal, gossamer
a: Renounce Religion, Berserk, Trog's Hand, Brothers in Arms


You escaped.
You worshipped Trog.
Trog was extremely pleased with you.
You visited 9 branches of the dungeon, and saw 47 of its levels.
You visited the Abyss 1 time.
You visited 2 bazaars.
You also visited: Bailey and Gauntlet.

You collected 7640 gold pieces.
You spent 5258 gold pieces at shops.

Inventory:

Hand Weapons
 a - the +18 lance "Wyrmbane" (weapon) {slay drac, rPois rF+ rC+ AC+3}
   (You bought it in a shop on level 2 of the Orcish Mines)

   AC+3:      It affects your AC (+3).
   rF+:       It protects you from fire.
   rC+:       It protects you from cold.
   rPois:     It protects you from poison.
 d - the +9 broad axe "Lablol" {antimagic, rC++ rN+}
   (Trog gifted it to you on level 2 of the Elven Halls)

   rC++:      It greatly protects you from cold.
   rN+:       It protects you from negative energy.
 y - a +7 broad axe of chaos {Santiago}
   (You took it off an orc warrior in a bailey)
 E - a +8 heavy broad axe (offhand) {Hana}
   (Trog gifted it to you on level 3 of the Elven Halls)
Missiles
 g - 2 throwing nets (quivered) {!f}
 z - 9 curare-tipped darts
Armour
 p - a +1 pair of gloves (worn)
   (You found it on level 5 of the Lair of Beasts)
 r - a +2 pair of boots of rampaging (worn)
   (You found it on level 2 of the Vaults)
 B - a +2 helmet of see invisible
   (You bought it in a shop on level 7 of the Dungeon)
 T - +1 storm dragon scales (worn)
   (You bought it in a shop on level 1 of the Orcish Mines)
 U - a +1 cloak of willpower (worn)
   (You found it on level 2 of the Spider Nest)
Gizmo
 L - a geoactuated dynamo (installed) {AutoDazzle, rF+ Slay+3}
   (You invented it yourself on level 4 of the Lair of Beasts)

   [geoactuated dynamo]

   AutoDazzle: It sometimes fires a blinding ray at enemies whose attacks you
   dodge.
   Slay+3:    It affects your accuracy & damage with ranged weapons and melee
   (+3).
   rF+:       It protects you from fire.
Wands
 t - a wand of paralysis (39)
   (You found it on level 7 of the Dungeon)
 u - a wand of digging (26) {@v3}
   (You found it on level 6 of the Dungeon)
 A - a wand of mindburst (45)
   (You found it on level 6 of the Dungeon)
 C - a wand of flame (42) {@v4}
   (You found it on level 9 of the Dungeon)
 G - a wand of quicksilver (11) {@v1}
   (You found it on level 10 of the Dungeon)
 I - a wand of warping (44) {@v2}
   (You took it off Jeremiah on level 8 of the Dungeon)
 K - a wand of polymorph (27)
   (You found it on level 1 of the Lair of Beasts)
Scrolls
 c - 15 scrolls of teleportation {@r3 !r}
 e - 3 scrolls of blinking {@r4}
 i - 5 scrolls of vulnerability
 k - 6 scrolls of poison {!r}
 l - 7 scrolls of fog {!r}
 n - a scroll of butterflies {!r}
 x - 2 scrolls of torment
 D - 12 scrolls of fear {!r}
 F - 5 scrolls of immolation
 O - a scroll of enchant weapon
Potions
 b - 8 potions of heal wounds {@q2 !q}
 f - 5 potions of enlightenment
 h - 4 potions of mutation
 j - 6 potions of invisibility
 m - 8 potions of lignification {@q6}
 o - 21 potions of curing {@q1 !q}
 q - 3 potions of might {@q3 !q}
 s - 2 potions of haste {@q4 !q}
 w - a potion of magic
 H - 4 potions of berserk rage
 J - 2 potions of cancellation
 R - 3 potions of resistance
 S - 7 potions of attraction
 W - 9 potions of ambrosia
Miscellaneous
 v - a box of beasts
   (You found it on level 2 of the Lair of Beasts)
 M - a phial of floods
   (You found it on level 3 of the Vaults)
 N - a lightning rod (4/4)
   (You found it on level 5 of the Vaults)
 P - a phantom mirror
   (You found it on level 4 of the Lair of Beasts)
 Q - a tin of tremorstones (2/2)
   (You found it on level 4 of the Lair of Beasts)


   Skills:
 - Level 20.0 Fighting
 - Level 19.7(20.0) Axes
 - Level 5.1(12.9) Polearms
 - Level 20.0 Armour
 + Level 16.8 Dodging
 - Level 2.0 Stealth
 - Level 20.1 Invocations
 - Level 20.0 Evocations


You had 25 spell levels left.
You didn't know any spells.
Your spell library was empty.

Dungeon Overview and Level Annotations

Branches:
Dungeon (15/15)            Temple (0/1) D:6            Lair (5/5) D:8
 Shoals (4/4) Lair:3       Spider (4/4) Lair:3        Slime (0/5) Lair:5
    Orc (2/2) D:10            Elf (3/3) Orc:2        Vaults (5/5) D:13
  Crypt (0/3) Vaults:2     Depths (4/4) D:15            Zot (5/5) Depths:4
 Bailey (visited)         Gauntlet (visited)

Altars:
Ashenzari
Dithmenos
Elyvilon
Hepliaklqana
Kikubaaqudgha
Makhleb
Nemelex Xobeh
Ru
Trog
Uskayaw
Xom
Zin
Beogh
Jiyva

Shops:
D:7 [(   D:8 :   Orc:1 :[([[   Orc:2 *[:=(*   Vaults:1 [   Depths:3 =:=

Portals:
Hell: Depths:1 Depths:2 Depths:3 Depths:4
Abyss: Depths:1 Depths:2 Depths:3 Depths:4
Pandemonium: Depths:1 Depths:2
Ziggurat: Depths:2
Trove: D:11 (give +8 demon whip)

Annotations:
Lair:3 1 runed translucent door, exclusion: door, Biseicyr's ghost, journeyman DsGl
Lair:5 exclusion: oklob plant
Shoals:4 Roxanne
Orc:2 2 runed translucent doors, exclusion: 2 doors, ouz's ghost, journeyman FoFi
Zot:1 Josephina


Innate Abilities, Weirdness & Mutations

You can wield a second weapon in your off-hand.
It takes a long time for you to wield or remove held weapons.
Your first few attacks do less damage.
You cannot equip rings or amulets.
You have a pair of small horns on your head.
You are agile. (Dex +4, Str/Int -1)
Your mind is acute. (Int +4, Str/Dex -1)
Your magical capacity is low. (-10% MP)


Message History

There is a stone staircase leading up here.
You climb upwards.
There is a stone staircase leading down here.
A ynoxinul comes into view.
Unknown command.
Unknown command.
You reach to attack!
You impale the ynoxinul with the +18 lance "Wyrmbane"!!
The ynoxinul is heavily wounded.
You reach to attack!
You closely miss the ynoxinul with the +18 lance "Wyrmbane".
The ynoxinul is heavily wounded.
You hit the ynoxinul with the +18 lance "Wyrmbane".
You headbutt the ynoxinul.
The ynoxinul is almost dead.
You closely miss the ynoxinul with your +8 heavy broad axe.
The ynoxinul gestures.
You puncture the ynoxinul with the +18 lance "Wyrmbane"!
You kill the ynoxinul!
Trog accepts your kill.
The ufetubus disappears in a puff of smoke! x3
(D) Dungeon (T) Temple (L) Lair (A) Shoals (N) Spider Nest (M) Slime Pits (O) Orcish Mines (E) Elven Halls (V) Vaults (C) Crypt (U) Depths (H) Hell (Z) Zot
Where to? (Tab/Enter - D:1 @ (x,y), ? - help)
Things that are here:
a +0 robe; a +1 dagger of distortion; the human skeleton of Psyche
Items here: ) [ รทรท.
There is a stone staircase leading up, spattered with blood here.
You climb upwards.
There is a stone staircase leading down here.
You see here a +3 hand axe.
A large abomination comes into view.
You open the large abomination like a pillowcase with your +8 heavy broad axe!!!
Your headbutt misses the large abomination.
The large abomination is almost destroyed.
You puncture the large abomination with the +18 lance "Wyrmbane"!
You destroy the large abomination!
Trog accepts your kill.
(D) Dungeon (T) Temple (L) Lair (A) Shoals (N) Spider Nest (M) Slime Pits (O) Orcish Mines (E) Elven Halls (V) Vaults (C) Crypt (U) Depths (H) Hell (Z) Zot
Where to? (Tab/Enter - D:1 @ (x,y), ? - help)
A Baufoxto, an ice devil and a sixfirhy come into view.
Unknown command.
Press: ? - help, v - describe, . - travel
Here: Baufoxto The floor.
Blink to where?
Press: ? - help, Dir - move target
As you read the scroll of blinking {@r4}, it crumbles to dust.
You climb upwards.
There is a stone staircase leading down here.
(D) Dungeon (T) Temple (L) Lair (A) Shoals (N) Spider Nest (M) Slime Pits (O) Orcish Mines (E) Elven Halls (V) Vaults (C) Crypt (U) Depths (H) Hell (Z) Zot
Where to? (Tab/Enter - D:1 @ (x,y), ? - help)
There is a stone staircase leading up here.
You climb upwards.
There is a stone staircase leading down here.
There is a stone staircase leading up here.
You climb upwards.
There is a stone staircase leading down here.
You see here the felid skeleton of Natasha.
There is a stone staircase leading up here.
You climb upwards.
There is a stone staircase leading down here.
There is a stone staircase leading up here.
You climb upwards.
There is a stone staircase leading down here.
A tormentor comes into view.
Unknown command.
You rampage towards the tormentor!
You completely miss the tormentor with your +8 heavy broad axe.
You headbutt the tormentor, but do no damage.
You puncture the tormentor with the +18 lance "Wyrmbane"!
You slash the tormentor with your +8 heavy broad axe!
You headbutt the tormentor.
The tormentor is severely wounded.
You puncture the tormentor with the +18 lance "Wyrmbane"!
The tormentor hits you but does no damage.
The tormentor completely misses you.
You carve the tormentor like a ham with your +8 heavy broad axe!!!
You kill the tormentor!
Trog accepts your kill.
(D) Dungeon (T) Temple (L) Lair (A) Shoals (N) Spider Nest (M) Slime Pits (O) Orcish Mines (E) Elven Halls (V) Vaults (C) Crypt (U) Depths (H) Hell (Z) Zot
Where to? (Tab/Enter - D:1 @ (x,y), ? - help)
There is a stone staircase leading up here.
You climb upwards.
There is a stone staircase leading down here.
There is a large open door, spattered with blood here.
You see here a +0 dagger {Ankherfenedjef}.
There is a staircase leading out of the dungeon here.
You have escaped!

#####.......'#.# ###.###........
######.....# #..##........
#.....# ##..#........ #:....#
##.'........ #.....# ###........
#.....# #........ #.#'#.#
#........
#.#.#.############'#####
#.#.#.#@.........#.#
#.#.#.#.##########.#
#.#.#.#.#........#.#
#.#.#.#.#.>.######.#
#.###.#.#........#.#
#.....#)#.#.####.#.#
###########.#.#.#....#.##
#####.........#.#.#.#.#.##..##
#......#####.##.#.#.#....'...###


There were no monsters in sight!

Vanquished Creatures
  3 dread liches
  2 orbs of fire (Zot:5)
  Frederick (Vaults:1)
  Mara (Elf:3)
  Mennas (Vaults:3)
  Bai Suzhen (Vaults:2)
  4 Killer Klowns
  5 caustic shrikes (Depths:4)
  9 golden dragons
  2 doom hounds (Zot:3)
  A Hell Sentinel (Depths:4)
  2 electric golems
  A hellephant (Depths:4)
  11 tentacled monstrosities
  Mlioglotl (Spider:1)
  Zenata (Vaults:1)
  4 deep elf master archers (Elf:3)
  3 liches
  19 Orb Guardians (Zot:5)
  3 deep elf blademasters
  4 quicksilver dragons
  Asterion (Vaults:1)
  4 titans (Vaults:5)
  2 tentacled starspawn (Abyss:3)
  9 sphinxes
  7 death cobs
  Polyphemus (Shoals:4)
  A kraken (Shoals:2)
  Kirke (D:13)
  Aizul (Shoals:3)
  4 shadow dragons
  9 tengu reavers
  The ghost of Jano the Warrior, an adept CoBe of Trog (Spider:1)
  14 storm dragons
  4 draconian monks
  4 emperor scorpions (Spider:4)
  A draconian knight (Zot:5)
  5 frost giants
  4 fire giants
  A balrug (Depths:4)
  4 deep elf elementalists (Elf:3)
  Louise (D:14)
  A draconian annihilator (Zot:3)
  7 deep elf sorcerers
  13 vault wardens
  3 draconian scorchers
  3 ghost moths
  4 draconian shifters
  A reaper (Depths:4)
  16 ironbound preservers
  2 orc warlords
  A quicksilver ooze (Vaults:5)
  3 draconian stormcallers
  A demonspawn corrupter (D:12)
  A spriggan defender (Depths:2)
  5 green draconians
  11 stone giants
  9 ironbound thunderhulks
  7 deep elf death magi
  11 very ugly things
  6 broodmothers
  10 deep elf demonologists
  2 occultists (Abyss:3)
  3 vampire knights
  A minotaur (Gauntlet)
  11 black draconians
  7 deep elf annihilators
  7 purple draconians
  Azrael (D:13)
  6 spark wasps
  11 white draconians
  6 yellow draconians
  12 red draconians
  19 dire elephants
  3 war gargoyles
  12 merfolk impalers
  5 merfolk javelineers
  A green death (Depths:4)
  2 crystal guardians (Vaults:3)
  2 blizzard demons
  10 ettins
  8 fire dragons
  6 entropy weavers
  7 deep elf high priests
  5 yaktaur captains
  30 vault guards
  2 hydras
  3 rakshasas
  A salamander tyrant (Depths:4)
  5 great orbs of eyes
  A spriggan air mage (Depths:1)
  6 ogre magi
  5 ice dragons
  3 merfolk avatars
  2 peacekeepers (Vaults:3)
  22 centaur warriors
  5 merfolk aquamancers
  19 two-headed ogres
  3 death knights
  8 ironbound frosthearts
  32 dancing weapons
  2 alligator snapping turtles
  5 radroaches
  3 catoblepae
  7 boulder beetles
  6 tengu warriors
  2 satyrs
  8 hell hogs (Depths:4)
  4 deep troll shamans
  A thrashing horror (Abyss:3)
  5 deep troll earth magi
  15 death yaks
  A shock serpent (shapeshifter) (D:15)
  6 demonic crawlers
  6 spriggan berserkers
  Urug (D:12)
  3 vampire magi
  2 soul eaters
  18 deep elf knights
  An orc high priest (Orc:2)
  6 hell knights (Depths:4)
  Nergalle (D:11)
  2 salamander mystics
  A sixfirhy (Depths:1)
  6 sun demons
  5 skysharks
  4 iron trolls
  3 shadow wraiths
  5 skeletal warriors (D:12)
  3 pharaoh ants (Spider:3)
  4 large abominations
  A sun moth (Spider:4)
  A deep troll (shapeshifter) (Depths:2)
  9 orb spiders
  9 deep elf archers
  3 arcanists
  2 shadow demons
  12 sea snakes
  A swamp dragon (Lair:5)
  2 kraken simulacra (Shoals:4)
  36 deep trolls
  2 orange crystal statues (Zot:5)
  5 phantasmal warriors (Vaults:5)
  23 deep elf zephyrmancers
  5 lindwurms
  33 deep elf pyromancers
  8 orc knights
  An obsidian bat (Orc:1)
  25 wolf spiders
  7 starcursed masses (Abyss:3)
  5 necromancers
  21 harpies
  9 ironbound convokers
  12 steelbarb worms
  2 thermic dynamos (Elf:1)
  7 cyclopes
  21 ugly things
  5 salamanders
  5 orc sorcerers
  13 elephants
  A worldbinder (Abyss:3)
  22 manticores
  9 meliai
  15 fauns
  2 fire giant zombies (Depths:1)
  10 merfolk sirens
  2 rust devils (Abyss:3)
  17 vault sentinels
  27 moths of wrath
  Joseph (D:9)
  9 water nymphs
  A guardian serpent (Lair:5)
  A meliai (shapeshifter) (Elf:2)
  A stone giant skeleton (Vaults:3)
  4 molten gargoyles (Elf:1)
  A smoke demon (Abyss:3)
  Maggie (D:10)
  A torpor snail (shapeshifter) (Vaults:4)
  6 black mambas
  15 cane toads
  4 torpor snails
  4 unseen horrors
  A yaktaur zombie (Vaults:3)
  2 minotaur zombies (Gauntlet)
  13 komodo dragons
  15 yaktaurs
  Jeremiah (D:8)
  A freezing wraith (Vaults:5)
  A kobold demonologist (Bailey)
  2 efreet
  4 rime drakes
  2 ancient zymes (Abyss:3)
  A tormentor (D:2)
  A golden dragon simulacrum (Zot:1)
  Psyche (D:8)
  5 trolls
  27 merfolk
  4 tengu conjurers
  A queen bee (shapeshifter) (Elf:3)
  3 polar bears
  A queen bee (Spider:4)
  A polar bear (shapeshifter) (D:15)
  A merfolk (shapeshifter) (D:9)
  22 jumping spiders
  Grinder (D:6)
  4 wind drakes
  3 hornets (Lair:5)
  Prince Ribbit (D:5)
  16 blink frogs
  20 tarantellas
  2 glass eyes
  11 dream sheep
  9 snapping turtles
  A draconian simulacrum (Zot:1)
  A raiju (Gauntlet)
  A stone giant simulacrum (Depths:1)
  28 slime creatures
  4 air elementals
  A ynoxinul (D:8)
  18 culicivoras
  14 wyverns
  A spriggan skeleton (Depths:1)
  11 water elementals
  2 yaks (shapeshifter)
  2 fire elementals (Elf:1)
  3 hogs (D:13)
  A wraith (D:12)
  32 yaks
  A human (D:13)
  8 basilisks
  7 steam dragons
  A neqoxec (Abyss:3)
  5 wargs
  54 redbacks
  A yaktaur simulacrum (Vaults:3)
  3 vampire mosquitoes
  A chaos spawn (Depths:3)
  6 acid dragons
  A red draconian simulacrum (Zot:1)
  A glowing shapeshifter skeleton (Depths:1)
  28 water moccasins
  5 hell hounds (D:13)
  43 orc warriors
  8 sky beasts
  8 small abominations (Depths:3)
  2 laughing skulls (D:15)
  3 black bears
  4 boggarts (D:12)
  9 ogres
  19 wolves
  13 centaurs
  A phantom (D:6)
  7 kobold brigands
  18 bullfrogs
  A gnoll sergeant (D:9)
  2 earth elementals
  5 scorpions
  11 wights
  26 killer bees
  9 electric eels
  7 howler monkeys
  A bombardier beetle (D:5)
  A quasit (D:7)
  2 gnoll boudas
  4 jellies
  Crazy Yiuf (D:4)
  19 orc priests
  5 hounds
  6 sleepcaps
  9 iguanas
  Natasha (thrice) (D:4)
  29 orc wizards
  11 hell rats
  26 gnolls
  7 adders
  A shadow imp (D:8)
  3 white imps
  4 ufetubi
  A ribbon worm (D:2)
  2 dart slugs
  75 orcs
  7 ball pythons
  6 endoplasms
  8 giant cockroaches
  10 goblins
  12 hobgoblins
  8 jackals (D:1)
  4 quokkas
  6 bats
  6 frilled lizards
  26 kobolds
  6 rats
  7 tentacles
2073 creatures vanquished.

Vanquished Creatures (collateral kills)
  A juggernaut (Depths:4)
  A death cob (Zot:5)
  Gastronok (Lair:3)
  A tengu reaver (Vaults:1)
  A frost giant (Depths:4)
  A very ugly thing (Depths:4)
  A merfolk impaler (Shoals:4)
  An ironbound frostheart (Vaults:3)
  3 hydras
  A radroach (Spider:1)
  An alligator snapping turtle (Shoals:3)
  A deep elf pyromancer (D:14)
  A stone giant skeleton (Vaults:3)
  An elephant (Lair:5)
  A cane toad (Lair:3)
  A merfolk (Shoals:4)
  A blink frog (Lair:3)
  2 yaks
  A human skeleton (Vaults:3)
22 creatures vanquished.

Vanquished Creatures (others)
  A ghost moth (Zot:3)
  A death yak (Lair:5)
  2 deep elf knights
  A deep elf zephyrmancer (Elf:2)
  A tarantella zombie (Spider:2)
  A water elemental (Shoals:2)
  A shadow (D:11)
  A yak (Lair:3)
  An electric eel (Elf:1)
  An orc (Vaults:5)
  4 starspawn tentacles (Abyss:3)
  8 tentacles
23 creatures vanquished.

Grand Total: 2118 creatures vanquished

Notes
Turn   | Place    | Note
-------+----------+-------------------------------------------
     0 | D:1      | EnegeticOcto the Coglin Berserker began the quest for the
                  | Orb.
     0 | D:1      | Reached XP level 1. HP: 18/18 MP: 1/1
   113 | D:1      | Reached XP level 2. HP: 24/24 MP: 2/2
   429 | D:1      | Reached ** piety under Trog
   625 | D:1      | Reached XP level 3. HP: 29/29 MP: 3/3
  1087 | D:2      | Reached skill level 1 in Stealth
  1091 | D:2      | Reached skill level 4 in Axes
  1166 | D:2      | Reached XP level 4. HP: 35/35 MP: 4/4
  1346 | D:2      | Reached *** piety under Trog
  2474 | D:2      | Reached XP level 5. HP: 42/42 MP: 5/5
  3006 | D:3      | Reached skill level 4 in Fighting
  3306 | D:4      | Noticed Natasha
  3317 | D:4      | Killed Natasha
  3442 | D:4      | Noticed Natasha
  3453 | D:4      | Killed Natasha
  3454 | D:4      | Reached skill level 5 in Axes
  3454 | D:4      | Reached skill level 2 in Stealth
  3643 | D:4      | Found a bloodstained altar of Trog.
  3882 | D:4      | Reached XP level 6. HP: 48/48 MP: 6/6
  4009 | D:4      | Found a sacrificial altar of Ru.
  4084 | D:4      | Found a runed translucent door.
  4085 | D:4      | Noticed Crazy Yiuf
  4092 | D:4      | Killed Crazy Yiuf
  4166 | D:4      | Noticed Natasha
  4176 | D:4      | Killed Natasha
  4312 | D:5      | Entered Level 5 of the Dungeon
  4312 | D:5      | Noticed a black bear
  4319 | D:5      | Killed a black bear
  4375 | D:5      | Noticed Prince Ribbit
  4402 | D:5      | Reached skill level 6 in Axes
  4487 | D:5      | Identified the +4 mace of Supply {drain, ^Fragile rPois
                  | Int+5}
  4643 | D:5      | Reached XP level 7. HP: 43/55 MP: 7/7
  4747 | D:5      | Reached skill level 5 in Fighting
  4884 | D:5      | Found a broken altar of Ashenzari.
  4896 | D:5      | Found a glowing silver altar of Zin.
  4903 | D:5      | Killed Prince Ribbit
  4904 | D:5      | Reached skill level 7 in Axes
  5007 | D:5      | Found a burning altar of Makhleb.
  5395 | D:5      | Reached XP level 8. HP: 23/64 MP: 8/8
  5634 | D:6      | Noticed Grinder
  5640 | D:6      | Killed Grinder
  5641 | D:6      | Reached skill level 6 in Fighting
  5641 | D:6      | Reached skill level 8 in Axes
  5642 | D:6      | You fall into a shaft and drop 3 floors!
  5856 | D:8      | Found Fimo Lip's Book Emporium.
  5865 | D:7      | Noticed a wyvern
  5898 | D:7      | Reached skill level 1 in Evocations
  6038 | D:7      | Killed a wyvern
  6039 | D:7      | Reached skill level 2 in Evocations
  6090 | D:7      | Reached skill level 9 in Axes
  6090 | D:7      | Reached skill level 3 in Evocations
  6163 | D:7      | Found Vacwer's Weapon Shoppe.
  6202 | D:7      | Found Isanom's Armour Boutique.
  6253 | D:7      | Reached XP level 9. HP: 69/71 MP: 9/9
  6261 | D:7      | Reached skill level 7 in Fighting
  6277 | D:7      | Reached skill level 4 in Evocations
  6370 | D:7      | Found a flagged portal.
  6388 | Bailey   | Entered a bailey
  6584 | Bailey   | Reached **** piety under Trog
  6910 | Bailey   | Noticed an orc knight
  6915 | Bailey   | Noticed a kobold demonologist
  6920 | Bailey   | Killed an orc knight
  6921 | Bailey   | Reached skill level 10 in Axes
  6921 | Bailey   | Reached skill level 5 in Evocations
  6924 | Bailey   | Noticed a smoke demon
  6928 | Bailey   | Killed a kobold demonologist
  7356 | Bailey   | Reached skill level 6 in Evocations
  7608 | Bailey   | Reached skill level 8 in Fighting
  7608 | Bailey   | Reached XP level 10. HP: 80/80 MP: 10/10
  7820 | Bailey   | Noticed an orc knight
  7831 | Bailey   | Killed an orc knight
  7832 | Bailey   | Reached skill level 11 in Axes
  8037 | Bailey   | Identified the +3 plate armour of Curiosity {Fly rN++ Int-5
                  | Dex+3}
  8090 | Bailey   | Noticed an orc sorcerer
  8112 | Bailey   | Killed an orc sorcerer
  8113 | Bailey   | Reached skill level 7 in Evocations
  8307 | Bailey   | Found an iron altar of Okawaru.
  8530 | Bailey   | Acquired a manual of Axes
  8756 | D:6      | Found a staircase to the Ecumenical Temple.
  8841 | D:6      | Acquired 765 gold pieces
  8897 | D:6      | Reached skill level 12 in Axes
  9268 | D:6      | Reached skill level 9 in Fighting
  9353 | D:6      | Reached skill level 13 in Axes
  9582 | D:6      | Reached XP level 11. HP: 89/89 MP: 11/11
  9585 | D:6      | Reached ***** piety under Trog
  9777 | D:7      | Reached skill level 14 in Axes
 10281 | D:7      | Bought a +2 helmet of see invisible for 344 gold pieces
 10610 | D:8      | Received a gift from Trog
 10731 | D:8      | Found a staircase to the Lair.
 10774 | D:8      | Reached skill level 10 in Fighting
 10888 | D:8      | Noticed Jeremiah
 10888 | D:8      | Noticed Psyche
 11042 | D:9      | Reached skill level 15 in Axes
 11067 | D:9      | Noticed a tengu warrior
 11079 | D:9      | Killed a tengu warrior
 11542 | D:9      | Found an ancient bone altar of Kikubaaqudgha.
 11903 | D:10     | Entered Level 10 of the Dungeon
 12008 | D:10     | Noticed Maggie
 12016 | D:10     | Killed Maggie
 12097 | D:10     | Reached skill level 16 in Axes
 12105 | D:10     | Reached skill level 2 in Armour
 12184 | D:10     | Found a staircase to the Orcish Mines.
 12546 | D:10     | Found a white marble altar of Elyvilon.
 12882 | D:8      | Noticed Joseph
 13089 | D:9      | Killed Joseph
 13090 | D:9      | Reached skill level 3 in Armour
 13090 | D:9      | Reached XP level 12. HP: 64/99 MP: 12/12
 13195 | D:8      | Killed Jeremiah
 13212 | Lair:1   | Entered Level 1 of the Lair of Beasts
 13237 | Lair:1   | Reached skill level 8 in Evocations
 13347 | Lair:1   | Reached skill level 17 in Axes
 13365 | Lair:1   | Reached skill level 11 in Fighting
 13639 | Lair:1   | You are sucked into a shaft and drop 1 floor!
 13639 | Lair:2   | Noticed a death yak
 13641 | Lair:2   | Noticed a death yak
 13742 | Lair:1   | Reached skill level 4 in Armour
 13862 | Lair:1   | Reached skill level 9 in Evocations
 14001 | Lair:1   | Identified the +4 rapier "Ovipaato" {drain, *Corrode rC+
                  | Int+3 Dex+3}
 14504 | Lair:2   | Noticed a death yak
 14513 | Lair:1   | Killed a death yak
 14514 | Lair:1   | Killed a death yak
 14673 | Lair:2   | Killed a death yak
 14715 | Lair:2   | Noticed an eight-headed hydra
 14732 | Lair:2   | Reached skill level 5 in Armour
 14809 | Lair:2   | Reached skill level 18 in Axes
 14972 | Lair:2   | Reached skill level 10 in Evocations
 14972 | Lair:2   | Reached XP level 13. HP: 53/107 MP: 13/13
 15456 | Lair:2   | Identified the +3 flail of Fedhas's Displeasure {pain,
                  | +Blink rElec rC- rN+}
 15478 | Lair:2   | Reached skill level 12 in Fighting
 15735 | Lair:2   | Reached skill level 6 in Armour
 15754 | Lair:2   | Found a hide-covered altar of Uskayaw.
 16109 | Lair:2   | Reached skill level 11 in Evocations
 16527 | Lair:3   | Found a hole to the Spider Nest.
 16572 | Lair:3   | Noticed Gastronok
 16603 | Lair:3   | Killed Gastronok
 16614 | Lair:3   | Found a runed translucent door.
 16617 | Lair:3   | Found a shimmering altar of Xom.
 16617 | Lair:3   | Noticed Biseicyr's ghost (journeyman DsGl)
 16622 | Lair:3   | Reached skill level 7 in Armour
 17199 | Lair:3   | Reached skill level 12 in Evocations
 17725 | Lair:4   | Reached skill level 13 in Fighting
 17729 | Lair:4   | Received a gift from Trog
 18009 | Lair:4   | Reached XP level 14. HP: 109/118 MP: 14/14
 18019 | Lair:4   | Acquired a geoactuated dynamo {AutoDazzle, rF+ Slay+3}
 18369 | Lair:5   | Entered Level 5 of the Lair of Beasts
 18391 | Lair:5   | Reached skill level 2 in Dodging
 18410 | Lair:5   | Reached skill level 8 in Armour
 18415 | Lair:5   | Reached skill level 13 in Evocations
 18573 | Lair:5   | Reached skill level 3 in Dodging
 19338 | Lair:5   | Reached skill level 4 in Dodging
 19484 | Lair:5   | Found a viscous altar of Jiyva.
 19486 | Lair:5   | Found a staircase to the Slime Pits.
 19653 | Lair:5   | Reached skill level 9 in Armour
 19656 | Lair:5   | Reached skill level 14 in Evocations
 19659 | Lair:5   | Reached skill level 14 in Fighting
 20833 | D:11     | Found a portal to a secret trove of treasure.
 20854 | D:11     | Reached skill level 5 in Dodging
 20895 | D:11     | Noticed Nergalle
 21162 | D:11     | Killed Nergalle
 21444 | Orc:1    | Entered Level 1 of the Orcish Mines
 21459 | Orc:1    | Found Woidul's Book Shoppe.
 21475 | Orc:1    | Received a gift from Trog
 21599 | Orc:1    | Reached XP level 15. HP: 126/126 MP: 15/15
 21621 | Orc:1    | Found Jaimp's Antique Weapon Shop.
 21632 | Orc:1    | Found Hil Edee's Armour Emporium.
 21733 | Orc:1    | Found a roughly hewn altar of Beogh.
 21801 | Orc:1    | Found Myeniodd's Armour Shoppe.
 21896 | Orc:1    | Found Mufobaz's Antique Armour Emporium.
 22037 | Orc:2    | Entered Level 2 of the Orcish Mines
 22068 | Orc:2    | Found Mieral's Book Boutique.
 22165 | Orc:2    | Received a gift from Trog
 22239 | Orc:2    | Found a large runed translucent door.
 22239 | Orc:2    | Found a large runed translucent door.
 22239 | Orc:2    | Noticed ouz's ghost (journeyman FoFi)
 22250 | Orc:2    | Found Qucsomesu's Assorted Antiques.
 22266 | Orc:2    | Bought a sedimented pink potion for 29 gold pieces
 22266 | Orc:2    | Bought a bubbling green potion for 29 gold pieces
 22285 | Orc:2    | Reached skill level 6 in Dodging
 22291 | Orc:2    | Reached skill level 15 in Evocations
 22299 | Orc:2    | Reached skill level 10 in Armour
 22301 | Orc:2    | Found a roughly hewn altar of Beogh.
 22304 | Orc:2    | Noticed an orc warlord
 22321 | Orc:2    | Killed an orc warlord
 22322 | Orc:2    | Found Kamixtas's Antique Weapon Boutique.
 22339 | Orc:2    | Found Louvodd's Antique Armour Boutique.
 22647 | Orc:2    | Found Retreic's Jewellery Boutique.
 22662 | Orc:2    | Found Bikaes's General Store.
 22683 | Orc:2    | Received a gift from Trog
 22694 | Orc:2    | Found a staircase to the Elven Halls.
 23239 | D:12     | Found a gate leading to a gauntlet.
 23248 | Gauntlet | Entered a Gauntlet
 23248 | Gauntlet | Found a transporter.
 23261 | Gauntlet | Found a transporter.
 23272 | Gauntlet | Found a transporter.
 23277 | Gauntlet | Found a transporter.
 23292 | Gauntlet | Found a transporter.
 23312 | Gauntlet | Found a transporter.
 23324 | Gauntlet | Found a transporter.
 23336 | Gauntlet | Found a transporter.
 23351 | Gauntlet | Found a transporter.
 23360 | Gauntlet | Found a transporter.
 23377 | Gauntlet | Found a transporter.
 23395 | Gauntlet | Found a transporter.
 23397 | Gauntlet | Found a transporter.
 23422 | Gauntlet | Found a transporter.
 23424 | Gauntlet | Found a transporter.
 23444 | Gauntlet | Found a transporter.
 23524 | Gauntlet | Found a transporter.
 23546 | Gauntlet | Found a transporter.
 23699 | Gauntlet | Identified the +5 rapier of the Sage {drain, Fly rF- Int+5}
 23754 | Gauntlet | Reached skill level 15 in Fighting
 23761 | Gauntlet | Identified the +0 pair of boots of the Bulwark {-Tele
                  | Rampage *Corrode Fly}
 23769 | Gauntlet | Identified the +0 robe of Yesterday {rF+ Will- Str+4 Int+4}
 23864 | Gauntlet | Reached skill level 7 in Dodging
 24085 | D:12     | Noticed Urug
 24099 | D:12     | Killed Urug
 24305 | D:12     | Reached skill level 16 in Evocations
 24526 | D:12     | Identified the +8 short sword of Terror {heavy, rCorr Int+5
                  | Dex-3}
 24568 | D:12     | Found a shadowy altar of Dithmenos.
 25315 | Orc:2    | Bought the +8 lance "Wyrmbane" {slay drac, rPois rF+ rC+
                  | AC+3} for 2666 gold pieces
 25315 | Orc:2    | Found the +8 lance "Wyrmbane" {slay drac, rPois rF+ rC+
                  | AC+3}
 25441 | D:13     | Noticed Azrael
 25512 | D:13     | Received a gift from Trog
 25654 | D:13     | Reached XP level 16. HP: 119/136 MP: 16/16
 25721 | D:13     | Reached skill level 8 in Dodging
 25811 | D:13     | Killed Azrael
 25982 | D:13     | Acquired 654 gold pieces
 26031 | D:13     | Noticed Kirke
 26068 | D:13     | Killed Kirke
 26257 | D:13     | Found a gate to the Vaults.
 26420 | D:14     | Reached skill level 16 in Fighting
 26790 | D:14     | Noticed Louise
 26803 | D:14     | Killed Louise
 26804 | D:14     | Reached skill level 9 in Dodging
 27182 | D:15     | Entered Level 15 of the Dungeon
 27271 | D:15     | Received a gift from Trog
 27554 | D:15     | Reached skill level 17 in Fighting
 27554 | D:15     | Reached XP level 17. HP: 148/148 MP: 17/17
 27636 | D:15     | Reached skill level 10 in Dodging
 28156 | D:15     | Found a staircase to the Depths.
 28480 | D:8      | Killed Psyche
 29030 | Shoals:1 | Entered Level 1 of the Shoals
 29285 | Shoals:1 | Reached skill level 18 in Fighting
 29320 | Shoals:1 | Reached skill level 11 in Armour
 29566 | Shoals:1 | Reached XP level 18. HP: 144/157 MP: 18/18
 29636 | Shoals:1 | Reached skill level 1 in Polearms
 30181 | Shoals:2 | Reached skill level 2 in Polearms
 30610 | Shoals:2 | Received a gift from Trog
 30651 | Shoals:2 | Reached skill level 3 in Polearms
 31212 | Shoals:2 | Reached ****** piety under Trog
 31521 | Shoals:3 | Reached skill level 4 in Polearms
 31730 | Shoals:3 | Reached skill level 12 in Armour
 32662 | Shoals:4 | Entered Level 4 of the Shoals
 32717 | Shoals:4 | Reached skill level 5 in Polearms
 33016 | Shoals:4 | Reached skill level 19 in Fighting
 33159 | Shoals:4 | Noticed Polyphemus
 33396 | Shoals:4 | Identified the serpent talisman "Woats" {rElec rC+ Str+2}
 33396 | Shoals:4 | Noticed Aizul
 33407 | Shoals:3 | Killed Aizul
 34330 | Shoals:4 | Got a barnacled rune of Zot
 34771 | Shoals:4 | Killed Polyphemus
 34772 | Shoals:4 | Reached skill level 13 in Armour
 34984 | Shoals:4 | Noticed Roxanne
 35003 | Shoals:4 | Received a gift from Trog
 35004 | Shoals:4 | Reached XP level 19. HP: 127/167 MP: 19/19
 35650 | Orc:1    | Bought +1 storm dragon scales for 1218 gold pieces
 35819 | Spider:1 | Entered Level 1 of the Spider Nest
 35941 | Spider:1 | Noticed Mlioglotl
 35955 | Spider:1 | Killed Mlioglotl
 36551 | Spider:1 | Noticed Jano's ghost (adept CoBe)
 36556 | Spider:1 | Found a runed translucent door.
 37082 | Spider:1 | Killed Jano's ghost
 37386 | Spider:2 | Reached skill level 20 in Fighting
 37630 | Spider:2 | Identified the +9 hand axe of the Trees {flame, Fly} (Trog
                  | gifted it to you on level 2 of the Spider Nest)
 37630 | Spider:2 | Received a gift from Trog
 37728 | Spider:2 | Reached skill level 14 in Armour
 37910 | Spider:2 | Reached skill level 11 in Dodging
 38947 | Spider:3 | Reached skill level 12 in Dodging
 39345 | Spider:3 | Received a gift from Trog
 39841 | Spider:4 | Entered Level 4 of the Spider Nest
 39933 | Spider:4 | Reached skill level 1 in Invocations
 40337 | Spider:4 | Reached skill level 2 in Invocations
 40372 | Spider:4 | Reached XP level 20. HP: 64/176 MP: 21/21
 41047 | Spider:4 | Reached skill level 3 in Invocations
 41318 | Spider:4 | Reached skill level 13 in Dodging
 41473 | Spider:4 | Reached skill level 4 in Invocations
 41610 | Spider:4 | Identified the orb of New Discoveries {light, rElec rC+
                  | Slay+2}
 41738 | Spider:4 | Got a gossamer rune of Zot
 42054 | Elf:1    | Entered Level 1 of the Elven Halls
 42080 | Elf:1    | Noticed a Tzitzimitl
 42092 | Elf:1    | Received a gift from Trog
 42633 | Elf:1    | Reached skill level 15 in Armour
 42640 | Elf:1    | Reached skill level 5 in Invocations
 43139 | Elf:1    | Paralysed by an air elemental for 1 turns
 43639 | Elf:2    | Paralysed by an air elemental for 1 turns
 43647 | Elf:2    | Identified the +9 broad axe "Lablol" {antimagic, rC++ rN+}
                  | (Trog gifted it to you on level 2 of the Elven Halls)
 43647 | Elf:2    | Received a gift from Trog
 43682 | Elf:2    | Found a flickering gateway to a bazaar.
 43696 | Bazaar   | Entered a bazaar
 43701 | Bazaar   | Found Qaophe's Weapon Shop.
 43715 | Bazaar   | Found Jehicse's Antique Armour Shop.
 43719 | Bazaar   | Found Uffait's Assorted Antiques.
 43761 | Bazaar   | Found Riexked's Distillery.
 43799 | Bazaar   | Bought a scroll of blinking for 195 gold pieces
 43805 | Bazaar   | Bought a bloodstained helmet for 247 gold pieces
 43805 | Bazaar   | Identified the +1 helmet of the Platytaur {Str+4} (You
                  | bought it in a shop in a bazaar)
 43955 | Elf:2    | Found a runed translucent gate.
 43956 | Elf:2    | Found a runed translucent gate.
 43956 | Elf:2    | Found a runed translucent gate.
 43997 | Elf:2    | Reached skill level 14 in Dodging
 44173 | Elf:2    | Reached skill level 6 in Invocations
 44961 | Elf:2    | Reached XP level 21. HP: 183/183 MP: 8/25
 45668 | Elf:2    | Reached skill level 7 in Invocations
 45946 | Elf:3    | Entered Level 3 of the Elven Halls
 45972 | Elf:3    | Received a gift from Trog
 45994 | Elf:3    | Reached skill level 16 in Armour
 46396 | Elf:3    | Reached skill level 8 in Invocations
 46690 | Elf:3    | Received a gift from Trog
 47693 | Elf:3    | Identified the ring "Woisul Wuenn" {Fire rN+ Str+4 Int-2
                  | Dex+2}
 47883 | Elf:3    | Noticed Mara
 47889 | Elf:3    | Noticed EnegeticOcto's illusion
 47911 | Elf:3    | Killed Mara
 48090 | Elf:3    | Reached skill level 9 in Invocations
 48290 | Elf:3    | Identified the ring "Poghiet" {MP+9 Int+7 Dex-4 SInv}
 48338 | Elf:3    | Identified the ring "Zocsem" {rF+ Int+6 Dex-3}
 49073 | Elf:3    | Found the +15 Maxwell's patent armour {-Cast -Tele rElec
                  | Will+ rCorr}
 49109 | Elf:3    | Identified the +0 scale mail of the Black Moon {Rampage
                  | Dex+4}
 49474 | Vaults:1 | Entered Level 1 of the Vaults
 49492 | D:13     | Reached skill level 17 in Armour
 50303 | Vaults:1 | Reached skill level 10 in Invocations
 50475 | Vaults:1 | Found Iffiofiq's Armour Emporium.
 50495 | Vaults:1 | Identified the orb "Duibur" {*channel, ^Drain rElec rCorr
                  | Tloc}
 50495 | Vaults:1 | Noticed Frederick
 50505 | Vaults:1 | Killed Frederick
 50506 | Vaults:1 | Reached XP level 22. HP: 123/190 MP: 29/29
 50666 | Vaults:1 | Noticed Zenata
 50672 | Vaults:1 | Noticed Asterion
 50679 | Vaults:1 | Killed Asterion
 50826 | Vaults:1 | Killed Zenata
 51629 | Vaults:2 | Received a gift from Trog
 51736 | Vaults:2 | You fall into a shaft and drop 2 floors!
 52163 | Vaults:4 | Reached skill level 11 in Invocations
 52170 | Vaults:4 | Reached skill level 18 in Armour
 52940 | Vaults:4 | Received a gift from Trog
 53320 | Vaults:3 | Noticed Mennas
 53328 | Vaults:3 | Killed Mennas
 53762 | Vaults:3 | Found a flickering gateway to a bazaar.
 53767 | Bazaar   | Entered a bazaar
 53767 | Bazaar   | Found Fuufea's Jewellery Shoppe.
 53767 | Bazaar   | Found Tihuxt's General Store.
 53767 | Bazaar   | Found Poecliga's Antique Weapon Emporium.
 53769 | Bazaar   | Found Teinlyomp's Jewellery Emporium.
 53786 | Bazaar   | Bought a scroll of fog for 40 gold pieces
 53786 | Bazaar   | Bought a potion of heal wounds for 50 gold pieces
 53810 | Vaults:3 | Reached skill level 12 in Invocations
 54186 | Vaults:3 | Identified the +10 spear "Toereheg" {antimagic, Will+ Dex+4
                  | SInv} (Trog gifted it to you on level 3 of the Vaults)
 54186 | Vaults:3 | Received a gift from Trog
 54452 | Vaults:3 | Reached XP level 23. HP: 150/196 MP: 32/32
 55088 | Vaults:2 | Found a staircase to the Crypt.
 55284 | Vaults:2 | Reached skill level 19 in Armour
 55479 | Vaults:2 | Noticed a dread lich
 55500 | Vaults:2 | Killed a dread lich
 55592 | Vaults:2 | Noticed Bai Suzhen
 55602 | Vaults:2 | Killed Bai Suzhen
 55987 | Vaults:2 | Reached skill level 19 in Axes
 56448 | Depths:1 | Entered Level 1 of the Depths
 56626 | Depths:1 | Found a one-way gate to the infinite horrors of the Abyss.
 56695 | Depths:1 | Found a one-way gate leading to the halls of Pandemonium.
 56915 | Depths:1 | Found a sparkling altar of Nemelex Xobeh.
 57041 | Depths:1 | Reached skill level 13 in Invocations
 57405 | Depths:1 | Found a gateway to Hell.
 57500 | Depths:2 | Found a hazy altar of Hepliaklqana.
 57500 | Depths:2 | You fall into a shaft and drop 1 floor!
 58482 | Depths:2 | Noticed a golden dragon
 58506 | Depths:2 | Killed a golden dragon
 58517 | Depths:2 | Identified the +1 trident of the Furious {flame, Str+4}
 58520 | Depths:2 | Identified the +7 plate armour of the Cockatrice {Dex+3}
 58726 | Depths:2 | Found a one-way gateway to a ziggurat.
 59000 | Depths:3 | Received a gift from Trog
 59540 | Depths:3 | Found Xastum's Book Emporium.
 59541 | Depths:3 | Found Ukiwote's Jewellery Boutique.
 59541 | Depths:3 | Found Ryehe's Jewellery Boutique.
 60185 | Depths:4 | Entered Level 4 of the Depths
 60197 | Depths:4 | Reached XP level 24. HP: 117/204 MP: 33/33
 60199 | Depths:4 | Noticed a juggernaut
 60206 | Depths:4 | Reached skill level 20 in Armour
 60209 | Depths:4 | Killed a juggernaut
 60210 | Depths:4 | Reached skill level 14 in Invocations
 60609 | Depths:4 | Received a gift from Trog
 61134 | Depths:4 | Noticed a caustic shrike
 61135 | Depths:4 | Noticed a caustic shrike
 61136 | Depths:4 | Noticed a caustic shrike
 61139 | Depths:4 | Noticed a caustic shrike
 61140 | Depths:4 | Noticed a caustic shrike
 61158 | Depths:4 | Killed a caustic shrike
 61166 | Depths:4 | Killed a caustic shrike
 61167 | Depths:4 | Reached skill level 15 in Invocations
 61168 | Depths:4 | Killed a caustic shrike
 61171 | Depths:4 | Killed a caustic shrike
 61175 | Depths:4 | Killed a caustic shrike
 61515 | Abyss:3  | Cast into level 3 of the Abyss (tengu reaver)
 61570 | Abyss:3  | Found a corrupted altar of Lugonu.
 61612 | Abyss:3  | Got an abyssal rune of Zot
 61683 | Abyss:3  | Found a corrupted altar of Lugonu.
 61761 | Abyss:3  | Gained mutation: You are clumsy. (Dex -2) [a neqoxec]
 61882 | Depths:4 | Escaped the Abyss
 62079 | Depths:4 | Identified the +2 arbalest "Pokuics" {penet, Int+5 Dex+3
                  | Stlth-}
 62332 | Depths:4 | Reached skill level 16 in Invocations
 62515 | Depths:4 | Received a gift from Trog
 62740 | Depths:4 | Found a gate to the Realm of Zot.
 63632 | Vaults:5 | Entered Level 5 of the Vaults
 63761 | Vaults:5 | Reached skill level 17 in Invocations
 64278 | Vaults:5 | Identified the amulet "Hoelid" {Acrobat rF+ Will+}
 64286 | Vaults:5 | Identified the +10 hand axe of Sunlight {antimagic, rF+
                  | SInv} (Trog gifted it to you on level 5 of the Vaults)
 64286 | Vaults:5 | Received a gift from Trog
 64469 | Vaults:5 | Reached XP level 25. HP: 159/210 MP: 35/35
 64763 | Vaults:5 | Got a silver rune of Zot
 64934 | Vaults:5 | Identified the ring of the Sky {rF+ Int+3 Dex+3}
 65268 | Vaults:5 | Reached skill level 18 in Invocations
 65293 | Vaults:5 | Identified the +1 orcbow "Ufock" {elec, rN+ rCorr Str+3}
 65305 | Vaults:5 | Identified the +5 trident of Zanyoh {heavy, Str+3} (Trog
                  | gifted it to you on level 5 of the Vaults)
 65305 | Vaults:5 | Received a gift from Trog
 66029 | Vaults:5 | Identified the +2 sling "Bororura" {drain, rElec rN+ rCorr
                  | Stlth-}
 67199 | Orc:2    | Bought a scroll of teleportation for 42 gold pieces
 67199 | Orc:2    | Bought a potion of heal wounds for 70 gold pieces
 67199 | Orc:2    | Bought a wand of mindburst (10) for 196 gold pieces
 67229 | Orc:2    | Bought a scroll of fear for 132 gold pieces
 67660 | Zot:1    | Entered Level 1 of the Realm of Zot
 67778 | Zot:1    | Reached skill level 19 in Invocations
 68720 | Zot:3    | Received a gift from Trog
 69312 | Zot:3    | Noticed a Killer Klown
 69323 | Zot:3    | Killed a Killer Klown
 69324 | Zot:3    | Reached skill level 20 in Invocations
 69650 | Zot:4    | Reached XP level 26. HP: 203/218 MP: 37/37
 70165 | Zot:5    | Entered Level 5 of the Realm of Zot
 70175 | Zot:4    | Reached skill level 17 in Evocations
 70356 | Zot:5    | Received a gift from Trog
 71153 | Zot:5    | Reached skill level 15 in Dodging
 72206 | Zot:5    | Reached skill level 18 in Evocations
 72592 | Zot:5    | Noticed an orb of fire
 72595 | Zot:5    | Noticed a dread lich
 72613 | Zot:5    | Killed an orb of fire
 72617 | Zot:5    | Killed a dread lich
 72623 | Zot:5    | Noticed a dread lich
 72627 | Zot:5    | Noticed a Killer Klown
 72632 | Zot:5    | Killed a Killer Klown
 72638 | Zot:5    | Killed a dread lich
 72690 | Zot:5    | Noticed a Killer Klown
 72701 | Zot:5    | Killed a Killer Klown
 72733 | Zot:5    | Noticed a Killer Klown
 72743 | Zot:5    | Killed a Killer Klown
 72744 | Zot:5    | Reached skill level 19 in Evocations
 72851 | Zot:5    | Reached skill level 16 in Dodging
 72857 | Zot:5    | Noticed an orb of fire
 72862 | Zot:5    | Gained mutation: You are very clumsy. (Dex -4) [an orb of
                  | fire]
 72866 | Zot:5    | Gained mutation: You are occasionally teleported next to
                  | monsters. [an orb of fire]
 72868 | Zot:5    | Noticed a Killer Klown
 72869 | Zot:5    | Killed an orb of fire
 72870 | Zot:5    | Noticed a Killer Klown
 72870 | Zot:5    | Noticed a Killer Klown
 72871 | Zot:5    | Noticed a Killer Klown
 72871 | Zot:5    | Noticed a Killer Klown
 72872 | Zot:5    | Got the Orb of Zot
 73117 | Zot:1    | Lost mutation: You are very clumsy. (Dex -4) [potion of
                  | mutation]
 73117 | Zot:1    | Lost mutation: You are occasionally teleported next to
                  | monsters. [potion of mutation]
 73117 | Zot:1    | Gained mutation: Your mind is acute. (Int +4, Str/Dex -1)
                  | [potion of mutation]
 73117 | Zot:1    | Gained mutation: You sometimes lose your temper in combat.
                  | [potion of mutation]
 73117 | Zot:1    | Gained mutation: You have hidden genetic potential. [potion
                  | of mutation]
 73118 | Zot:1    | Lost mutation: You sometimes lose your temper in combat.
                  | [potion of mutation]
 73118 | Zot:1    | Lost mutation: You are clumsy. (Dex -2) [potion of
                  | mutation]
 73118 | Zot:1    | Lost mutation: You have hidden genetic potential. [potion
                  | of mutation]
 73118 | Zot:1    | Gained mutation: Your magical capacity is low. (-10% MP)
                  | [potion of mutation]
 73118 | Zot:1    | Gained mutation: You are agile. (Dex +4, Str/Int -1)
                  | [potion of mutation]
 73118 | Zot:1    | Gained mutation: You have a pair of small horns on your
                  | head. [potion of mutation]
 73147 | Zot:1    | Identified the ring "Vaunn" {Ice rElec Dex+2 Stlth-}
 73147 | Zot:1    | Noticed Josephina
 73159 | Zot:1    | Received a gift from Trog
 73284 | Depths:4 | Reached skill level 20 in Evocations
 73686 | D:7      | Noticed Baufoxto the pandemonium lord
 73793 | D:$      | Escaped with the Orb!

Illustrated notes

Levels and vault maps discovered:
D:1:      hellmonk_arrival_library, layout_basic,
          nicolae_concentric_dashed_squares_wild
D:2:      layout_basic
D:3:      layout_loops_ring, grunt_ministairs_7
D:4:      layout_loops_ring, kennysheep_little_box,
          mainiacjoe_overflow_boulevard, serial_bayou_pond_d, uniq_natasha,
          uniq_crazy_yiuf_cottage
D:5:      layout_basic, grunt_temple_overflow_open,
          kennysheep_decorative_pillar, uniq_prince_ribbit1
D:6:      kennysheep_windowed_halls, layout_rooms, minmay_temple_entry_trees,
          nicolae_elevator_lobby_asterisk, uniq_grinder
D:7:      layout_layer_cave, serial_shops, nicolae_shop_bloodbath_and_beyond,
          enter_bailey_2, serial_demonic, serial_demonic_c, serial_demonic_f,
          serial_demonic_b, serial_demonic_d, chequers_jeans,
          kennysheep_windowed_goal
D:8:      layout_rooms, due_lair_maze_entry_diamond, serial_shops,
          nicolae_shop_trees, uniq_psyche, uniq_jeremiah, uniq_joseph
D:9:      layout_cave_pools, mainiacjoe_overflow_24_doors, wad_mini_maze
D:10:     layout_long_grid, nicolae_elyvilon_peaceful_grove, orc_0_dummy,
          kennysheep_generic_room_7, uniq_maggie
D:11:     layout_small_grid, enter_trove_5, uniq_nergalle
D:12:     layout_grid_maze, gauntlet_entry_generic,
          nicolae_dithmenos_the_darkroom, uniq_urug
D:13:     layout_roguey, hellmonk_vaults_keyhole, uniq_azrael, uniq_kirke
D:14:     kennysheep_bubbly, layout_rooms, uniq_louise
D:15:     gammafunk_enter_depths_forms, layout_loops_ring
Lair:1:   layout_gridlike, beast_lair_carwin_9
Lair:2:   layout_cave_pods, basic_altar, nzn_random_ring
Lair:3:   layout_regular_city, nicolae_shoals_entry_flooding,
          dummy_spider_entry, ebering_ghost_xom, uniq_gastronok
Lair:4:   layout_loops_ring
Lair:5:   hangedman_lair_tendril_chambers, layout_cave_shapes,
          guppyfry_lair_end_dragon, minmay_slime_entry_oklob_enclosed,
          grunt_megastairs_3
Shoals:1: layout_shoals
Shoals:2: layout_shoals
Shoals:3: layout_shoals
Shoals:4: shoals_end_grunt_ice, layout_shoals, uniq_polyphemus, uniq_aizul,
          uniq_roxanne
Spider:1: layout_cave_pods, hellmonk_ghost_happy_afterlife,
          hangedman_spider_mandibles, uniq_mlioglotl
Spider:2: layout_spider_delve
Spider:3: layout_chambers, drop_trap
Spider:4: guppyfry_spider_rune, special_room [special_room_bee]
Orc:1:    nicolae_orc_accident_2, layout_caves, serial_shops, shop,
          nicolae_shop_window_shopping, nicolae_shop_behind_doors, shop, shop
Orc:2:    grunt_orc_cross, layout_diamond_mine, ebering_ghost_disaster_area,
          serial_shops, shop, nicolae_shop_peninsula
Elf:1:    minmay_elf_arrival_plus, layout_loops_ring,
          hangedman_elven_crosses_minicolossus, chequers_big_river, minivault_8
Elf:2:    nicolae_elf_blades_crystal_corner, layout_rooms, serial_shops,
          bzr_entry_lakeside, hellmonk_elf_help
Elf:3:    minmay_elf_hall_circle, layout_gridlike, uniq_mara
Vaults:1: nicolae_vaults_theta, nicolae_vaults_tetromino_Z_2,
          hangedman_vaults_slither, nicolae_vaults_three_branches,
          nicolae_vaults_twisting_passages, nicolae_vaults_angled_halls,
          vaults_dpeg_ring, nicolae_vaults_little_squares_4, sword_in_stone,
          nicolae_vaults_closet_pinwheel_1, vaults_dpeg_hooks,
          layout_vaults_ring, serial_shops, shop, uniq_zenata, uniq_asterion
Vaults:2: v_pattern_2, vaults_room_boxed, blue_anna_dwarven_crypt,
          hangedman_vaults_stitches, nicolae_vaults_trapezoid_lopsided_2,
          vaults_mumra_minichess, ontoclasm_vaults_claustrophobia,
          nicolae_vaults_trapezoid_4, ontoclasm_vaults_decontamination,
          nicolae_vaults_security_offices_2, vaults_dpeg_encased_lava,
          hangedman_vaults_restitches, nicolae_vaults_mini_display_case,
          layout_vaults_omnicross, uniq_margery, uniq_bai_suzhen
Vaults:3: lemuel_ogre_cave, nicolae_vaults_alarming,
          nicolae_vaults_ellipses_ellipsis, hangedman_vaults_cutoff, v_misc_19,
          hangedman_vaults_stretched_pinwheel, hangedman_vaults_cutoff,
          vaults_room_grid, hangedman_vaults_pinch,
          nicolae_vaults_tetromino_Z_2, nicolae_vaults_theta,
          nicolae_vaults_diamond_2, layout_vaults_omnibox, serial_shops,
          bzr_entry_road, uniq_mennas
Vaults:4: nicolae_vaults_six-pack, ontoclasm_vaults_bender,
          nicolae_vaults_closet_pinwheel_5,
          nicolae_vaults_variable_pillar_hall_cross, vaults_room_ringed_pool,
          nicolae_vaults_double_plus_1, v_misc_27, layout_vaults_omnigrid
Vaults:5
Depths:1: layout_twisted_cross, abyss_entry_small_statue_room,
          grunt_hell_entry_dis_mu, rand_demon_pan_entry_5, minmay_misc_feat_chi,
          nemelex_diamond_rough_becter
Depths:2: minmay_the_grid_triangle_9x9_rhombus_thin
          [minmay_the_grid_triangle_9x9_zippers_horizontal,
          minmay_the_grid_triangle_9x9_prize_insulated,
          minmay_the_grid_triangle_9x9_thin_v,
          minmay_the_grid_triangle_9x9_pentomino_pain], layout_gridville,
          enter_ziggurat_f, hell_entry, nicolae_hepliaklqana_hazy_memory,
          pan_entry, abyss_entry, st_stairs_14, infiniplex_staircase_9_rooms
Depths:3: kennysheep_cluttered_fort, layout_gridlike, nicolae_eternal_life,
          minmay_room_of_horrors, hell_entry, minmay_shop_grove
Depths:4: grunt_bruiser_brothers, layout_gridlike, abyss_entry,
          grunt_hell_horde, minmay_misc_feat_tiny
Zot:1:    layout_cathedral_of_symmetry, st_single_dragon_hoard_3,
          regret_index_zotdec_iron_s, grunt_megastairs_2, uniq_josephina
Zot:2:    layout_basic, basic_altar, grunt_ministairs_15,
          st_grand_hoard_of_tiamat
Zot:3:    kennysheep_room_grid, layout_misc_corridors,
          regret_index_zotdec_barnacled_alternative, ebering_ghost_gozag,
          regret_index_zotdec_wing_it, grunt_megastairs_4, uniq_grunn
Zot:4:    nicolae_zot_stationary_front, layout_gridlike,
          regret_index_zotdec_serpentine_scales, grunt_megastairs_5
Zot:5:    layout_twisted_circle, nicolae_zot_crop_circle

Skill      XL: |  1  2  3  4  5  6  7  8  9 10 11 12 13 14 15 16 17 18 19 20 21 22 23 24 25 26 |
---------------+-------------------------------------------------------------------------------+-----
Stealth        | 1 2 |  2.0
Axes           | 4 5 6 7 9 10 13 16 18 19 | 19.7
Fighting       | 4 5 6 8 9 10 11 13 14 15 17 18 19 20 | 20.0
Evocations     | 3 6 7 10 12 14 16 20 | 20.0
Armour         | 3 5 7 9 10 11 13 14 15 17 18 19 20 | 20.0
Dodging        | 5 7 9 10 12 14 16 | 16.8
Polearms       | 5 |  5.1
Invocations    | 2 6 10 12 13 17 20 | 20.1

Action                     |  1- 3 |  4- 6 |  7- 9 | 10-12 | 13-15 | 16-18 | 19-21 | 22-24 | 25-27 || total
---------------------------+-------+-------+-------+-------+-------+-------+-------+-------+-------++-------
  Melee: Hand axe          |   169 |   233 |   320 |       |       |       |       |       |       ||   722
         War axe           |       |       |    47 |    11 |   333 |       |       |       |       ||   391
         Broad axe         |       |       |    32 |   836 |   850 |   529 |  1049 |   945 |   551 ||  4792
         Lance             |       |       |       |       |    24 |   794 |  1281 |  1087 |   617 ||  3803
         Headbutt          |       |       |       |       |       |       |       |       |    23 ||    23
  Throw: Dart              |       |       |     2 |       |       |       |       |       |       ||     2
 Invoke: Berserk           |       |     2 |     4 |     5 |     5 |     1 |     3 |       |       ||    20
         Trog's Hand       |       |       |     4 |     3 |     4 |     5 |     7 |    17 |     9 ||    49
         Brothers in Arms  |       |       |       |       |     2 |     2 |     1 |     2 |     2 ||     9
Ability: Invent Gizmo      |       |       |       |       |     1 |       |       |       |       ||     1
  Evoke: Wand              |       |       |     1 |     3 |     4 |    11 |    13 |    29 |    28 ||    89
         Tin of tremorston |       |       |       |       |     1 |     5 |     1 |     3 |     2 ||    12
         Phantom mirror    |       |       |       |       |       |     1 |     2 |     2 |       ||     5
         Box of beasts     |       |       |       |       |       |     1 |       |     1 |       ||     2
    Use: Scroll            |     1 |     7 |     4 |     5 |    16 |    13 |     7 |    10 |    17 ||    80
         Potion            |       |       |     1 |       |       |     5 |     2 |     5 |    22 ||    35
   Stab: Sleeping          |     2 |     9 |     1 |       |       |       |       |       |       ||    12
         Paralysed         |       |       |     4 |     6 |     8 |     6 |    11 |    11 |    17 ||    63
         Distracted        |       |       |       |       |     5 |     2 |     3 |     3 |     3 ||    16
         Confused          |       |       |       |       |    12 |     8 |     5 |       |       ||    25
         Invisible         |       |       |       |       |     4 |     4 |    23 |     5 |     9 ||    45
         Petrifying        |       |       |       |       |     1 |     7 |     1 |       |       ||     9
         Held in net/web   |       |       |       |       |     1 |     2 |     3 |       |       ||     6
         Petrified         |       |       |       |       |       |     6 |       |       |       ||     6
 Armour: Animal skin       |    35 |    74 |    75 |       |       |       |       |       |       ||   184
         Chain mail        |       |       |    81 |       |       |       |       |       |       ||    81
         Plate armour      |       |       |     8 |   425 |   477 |   630 |    24 |       |       ||  1564
         Storm dragon scal |       |       |       |       |       |       |   735 |   804 |   576 ||  2115
  Dodge: Dodged            |    56 |    64 |    74 |   138 |   185 |   270 |   507 |   534 |   312 ||  2140

Table legend: (Time is in decaauts)
 A = Elapsed time spent in this place.
 B = Non-inter-level travel time spent in this place.
 C = Inter-level travel time spent in this place.
 D = Time resting spent in this place.
 E = Time spent auto-exploring this place.
 F = Levels seen in this place.
 G = Mean time per level.
                   A        B        C        D        E       F      G
               +--------+--------+--------+--------+--------+-----+--------+
         Total |  72440 |  67097 |   5343 |  17203 |  37280 |  52 | 1393.1 |
       Dungeon |  17754 |  15521 |   2233 |   2392 |  10240 |  15 | 1183.6 |
          Lair |   7727 |   7183 |    544 |   1698 |   4273 |   5 | 1545.4 |
        Shoals |   6099 |   5891 |    208 |   1184 |   3657 |   4 | 1524.8 |
   Spider Nest |   5807 |   5631 |    176 |    921 |   3789 |   4 | 1451.8 |
  Orcish Mines |   2169 |   1532 |    637 |     89 |   1091 |   2 | 1084.5 |
   Elven Halls |   6912 |   6753 |    159 |   2677 |   2860 |   3 | 2304.0 |
        Vaults |  10063 |   9516 |    547 |   2233 |   5488 |   5 | 2012.6 |
        Depths |   6920 |   6346 |    574 |    700 |   4812 |   4 | 1730.0 |
           Zot |   5444 |   5181 |    263 |   3441 |    516 |   5 | 1088.8 |
         Abyss |    352 |    352 |      0 |    103 |     37 |   1 |  352.0 |
        Bazaar |    144 |    144 |      0 |      0 |     77 |   2 |   72.0 |
        Bailey |   2277 |   2277 |      0 |   1557 |    126 |   1 | 2277.0 |
      Gauntlet |    765 |    765 |      0 |    204 |    311 |   1 |  765.0 |
               +--------+--------+--------+--------+--------+-----+--------+

Top non-repeatable levels by time:
   Elf:3: 3254 daAuts
Vaults:5: 3249 daAuts
Depths:4: 2915 daAuts
   Zot:5: 2518 daAuts
  Bailey: 2277 daAuts
   Elf:2: 2210 daAuts
Shoals:3: 1988 daAuts
Shoals:4: 1969 daAuts
Vaults:1: 1931 daAuts
  Lair:5: 1809 daAuts
Spider:3: 1734 daAuts
Vaults:3: 1713 daAuts
  Lair:2: 1702 daAuts
     D:2: 1689 daAuts
  Lair:1: 1647 daAuts

Table legend:
 A = Kills in this place as a percentage of kills in the entire game.
 B = Kills by you in this place as a percentage of kills by you in the entire game.
 C = Kills by friends in this place as a percentage of kills by friends in the entire game.
 D = Other kills in this place as a percentage of other kills in the entire game.
 E = Experience gained in this place as a percentage of experience gained in the entire game.
 F = Experience gained in this place divided by the number of levels of this place that you have seen.
                   A       B       C       D       E      F
               +-------+-------+-------+-------+-------+----------------------
         Total | 100.0 | 100.0 | 100.0 | 100.0 | 100.0 | 22887.6
       Dungeon |  18.8 |  18.9 |   9.1 |  12.5 |   6.2 | 4942.6
          Lair |  10.5 |  10.2 |  36.4 |  12.5 |   5.6 | 13263.4
        Shoals |   8.5 |   8.4 |  13.6 |  12.5 |   8.3 | 24714.8
   Spider Nest |  11.2 |  11.3 |   4.5 |   0.0 |   8.4 | 25117.5
  Orcish Mines |   7.3 |   7.4 |   0.0 |   0.0 |   2.1 | 12713.0
   Elven Halls |   8.2 |   8.1 |   0.0 |  50.0 |  11.0 | 43814.0
        Vaults |  15.6 |  15.6 |  18.2 |   0.0 |  25.0 | 59458.4
        Depths |   8.4 |   8.3 |  13.6 |   0.0 |  13.9 | 41503.2
           Zot |   7.4 |   7.4 |   4.5 |  12.5 |  17.3 | 41286.8
         Abyss |   1.3 |   1.3 |   0.0 |   0.0 |   1.2 | 13796.0
        Bailey |   2.1 |   2.2 |   0.0 |   0.0 |   0.3 | 4080.0
      Gauntlet |   0.8 |   0.8 |   0.0 |   0.0 |   0.5 | 5886.0
               +-------+-------+-------+-------+-------+----------------------
